 Dungeon Crawl Stone Soup version 0.30-a0-691-g754fce4c43 (webtiles) character file.

Game seed: 5244231305142245324

4635 Bnni the Slicer (level 10, -1/59 HPs)
             Began as a Vine Stalker Brigand on Jan 18, 2023.
             Slain by a gnoll sergeant
             ... wielding a +2 spear of distortion
              (5 damage)
             ... on level 7 of the Dungeon on Jan 19, 2023.
             The game lasted 00:18:03 (7798 turns).

Bnni the Slicer (Vine Stalker Brigand)              Turns: 7798, Time: 00:18:03

Health: -1/59      AC:  7    Str: 14    XL:     10   Next: 43%
Magic:  0/11       EV:  3    Int: 11    God:
Gold:   273        SH:  0    Dex: 20    Spells: 9/9 levels left

rFire   + . .      SeeInvis .    I - +2 short sword (venom)
rCold   . . .      Faith    .    (no shield)
rNeg    + . .      Spirit   +    t - +0 plate armour
rPois   .          Reflect  .    f - +0 hat
rElec   .          Harm     .    c - +0 cloak
rCorr   .          Rampage  .    (no gloves)
Will    +....                    (no boots) Stlth
                                 (no amulet)
HPRegen 1.09/turn                D - ring of protection from fire
MPRegen 0.12/turn                E - ring of positive energy

@: corroded, attractive, slowed, very slow
A: fangs 3, regeneration 1, magic shield, antimagic bite, no potion heal 2
a: no special abilities


You were on level 7 of the Dungeon.
You visited 2 branches of the dungeon, and saw 8 of its levels.
You visited the Abyss 1 time.

You collected 273 gold pieces.

Inventory:

Hand Weapons
 a - a +2 dagger
 I - a +2 short sword of venom (weapon)
Missiles
 d - 8 poisoned darts (quivered)
 e - 5 curare-tipped darts
 y - a throwing net
Armour
 c - a +0 cloak (worn)
 f - a +0 hat (worn)
 t - a +0 plate armour (worn)
Jewellery
 D - a ring of protection from fire (left hand)
 E - a ring of positive energy (right hand)
 G - an amulet of magic regeneration
Wands
 n - a wand of flame (34)
 o - a wand of iceblast (8)
 B - a wand of paralysis (2)
Scrolls
 b - 2 scrolls of amnesia {unknown}
 g - 2 scrolls of brand weapon {unknown}
 h - 5 scrolls of teleportation
 j - a scroll of fear {unknown}
 k - a scroll of fog
 p - 2 scrolls of enchant weapon {unknown}
 r - 4 scrolls of magic mapping
 s - a scroll of blinking
 u - 2 scrolls of vulnerability {unknown}
 v - 3 scrolls of butterflies {unknown}
 H - a scroll of enchant armour
Potions
 i - a potion of might
 l - a potion of mutation {unknown}
 m - a potion of attraction
 q - a potion of heal wounds {unknown}
 w - a potion of berserk rage {unknown}
 x - a potion of curing
 z - a potion of resistance {unknown}
 A - 2 potions of magic {unknown}
 C - a potion of ambrosia {unknown}


   Skills:
 + Level 9.8 Fighting
 - Level 10.0 Short Blades
 - Level 1.7 Throwing
 - Level 0.7 Dodging
 + Level 5.1 Stealth
 + Level 0.9 Invocations


You had 9 spell levels left.
You didn't know any spells.
Your spell library contained the following spells:

 Spells                   Type           Power      Damage    Failure   Level
 Freeze                   Ice            0%         1d3       100%        1
 Ensorcelled Hibernation  Hex/Ice        0%         N/A       100%        2
 Frozen Ramparts          Ice            0%         1d1       100%        3
 Hailstorm                Conj/Ice       0%         3d3       100%        3
 Inner Flame              Hex/Fire       0%         N/A       100%        3
 Spider Form              Tmut/Pois      0%         N/A       100%        3
 Anguish                  Hex/Necr       0%         N/A       100%        4
 Cause Fear               Hex            0%         N/A       100%        4
 Ice Form                 Ice/Tmut       0%         N/A       100%        4
 Alistair's Intoxication  Tmut/Pois      0%         N/A       100%        5
 Borgnjor's Vile Clutch   Necr/Erth      0%         N/A       100%        5
 Eringya's Noxious Bog    Tmut/Pois      0%         N/A       100%        6
 Simulacrum               Ice/Necr       0%         N/A       100%        6
 Discord                  Hex            0%         N/A       100%        8


Dungeon Overview and Level Annotations

Branches:
Dungeon (7/15)             Temple (1/1) D:5

Altars:
Ashenzari
Dithmenos
Elyvilon
Fedhas
Gozag
Hepliaklqana
Kikubaaqudgha
Makhleb
Nemelex Xobeh
Okawaru
Qazlal
Ru
Trog
Vehumet
Wu Jian
Yredelemnul
Zin
The Shining One

Shops:
D:1 [   D:2 [   D:3 :


Innate Abilities, Weirdness & Mutations

You have razor-sharp teeth.
Your natural rate of healing is unusually fast.
When hurt, damage is shared between your health and your magic reserves.
Your bite disrupts and absorbs the magic of your enemies.
Potions cannot restore your health.


Message History

There is a gateway leading out of the Abyss here.
You pass through the gate.
Welcome back to the Dungeon!
The acid dragon barely misses you.
The acid dragon claws you but does no damage.
The wraith hits you!
Throw: 6 darts (curare)
Press: ? - help, Shift-Dir - straight line, f - gnoll sergeant
Aim: a gnoll sergeant, wielding a +2 spear of distortion, wearing a +2 ring mail of cold resistance and wearing a +0 buckler (72% to hit)
You throw a curare-tipped dart.
The curare-tipped dart hits the gnoll sergeant.
The gnoll sergeant is poisoned.
The gnoll sergeant convulses.
The gnoll sergeant seems to slow down.
The gnoll sergeant is moderately wounded.
The wraith hits you! The wraith drains your vigour!
You feel yourself slow down. The acid dragon spits acid at you.
The splash of acid hits you!!
The acid dragon bites you but does no damage.
The acid dragon claws you but does no damage.
The acid dragon completely misses you. The acid dragon claws you.
You see here a +0 dagger.
You hit the acid dragon. Your bite misses the acid dragon.
The acid dragon is lightly wounded.
The acid dragon spits acid at you. The splash of acid hits you!!
* * * LOW HITPOINT WARNING * * *
The acid corrodes you!
It was a potion of attraction.
You feel attractive to monsters. The acid dragon bites you.
* * * LOW HITPOINT WARNING * * *
The acid dragon claws you.
* * * LOW HITPOINT WARNING * * *
The acid dragon bites you but does no damage.
The acid dragon claws you.
* * * LOW HITPOINT WARNING * * *
The gnoll sergeant hits you from afar with a +2 spear of distortion.
* * * LOW HITPOINT WARNING * * *
Space warps around you.
You die...

##.#.###.#.##..#.#.#'#.#.........
.#.#.'.#.'..#.#..#.#(#.#.........
...#.###.#)#...#.#.###.#.........
...#P....#.#..##.#.....#.....†...
...#######.#.#.#.###'###.........
#........)#####.................
#.##.#..##.##...###.##..##....##
#.#..#.#..).#..#[)......#######
#.####..#####.#@##.###..# #.
##.?.#..#.#D.......#
##.#.###.##.##.#.g####.#.#
....W......#..#....####..#
...###.###D###......(.#..# P..
#...####.##(.##.# #D##
#..###.##.#.#.#.#### #.#?
#.####...#.####....## #g#+
#D.##.#....?..#.....##


You could see an acid dragon and a gnoll sergeant (poisoned, slow).

Vanquished Creatures
  Pikel (D:7)
  A deep elf pyromancer (D:7)
  A troll (D:7)
  Prince Ribbit (D:7)
  Sigmund (D:5)
  A flying skull (Abyss:1)
  A steam dragon (D:7)
  A vampire mosquito (D:7)
  Edmund (D:4)
  A water moccasin (D:7)
  Duvessa (D:7)
  2 ice beasts (D:7)
  A black bear (D:6)
  An orc warrior (D:6)
  5 ogres
  2 centaurs
  2 lemures (D:7)
  A phantom (D:4)
  A kobold brigand (D:7)
  4 scorpions
  A small abomination (Abyss:1)
  A necrophage (D:5)
  Dowan (D:7)
  3 electric eels (D:3)
  2 hounds
  2 jellies
  4 gnoll boudas
  2 orc priests
  Crazy Yiuf (D:5)
  2 orc wizards
  4 iguanas
  23 gnolls
  8 adders
  A shadow imp (D:5)
  2 ufetubi (D:4)
  2 worms (D:2)
  A dart slug (D:1)
  13 orcs
  10 ball pythons
  A bat (D:1)
  10 endoplasms
  2 giant cockroaches
  4 goblins
  6 hobgoblins
  2 jackals (D:2)
  6 quokkas
  6 frilled lizards
  3 kobolds
  4 rats
157 creatures vanquished.

Vanquished Creatures (others)
  12 plants
12 creatures vanquished.

Grand Total: 169 creatures vanquished

Notes
Turn   | Place    | Note
-------+----------+-------------------------------------------
     0 | D:1      | Bnni the Vine Stalker Brigand began the quest for the Orb.
     0 | D:1      | Reached XP level 1. HP: 11/11 MP: 2/2
    56 | D:1      | Reached skill level 2 in Short Blades
    84 | D:1      | Reached XP level 2. HP: 15/15 MP: 3/3
   426 | D:1      | Reached XP level 3. HP: 17/18 MP: 2/4
   493 | D:1      | Found Ohotett's Armour Boutique.
   780 | D:2      | Reached skill level 3 in Short Blades
   918 | D:2      | Found Ducrafufink's Armour Shoppe.
  1097 | D:2      | Gained mutation: Your natural rate of healing is unusually
                  | fast. [Vine Stalker growth]
  1097 | D:2      | Reached XP level 4. HP: 23/23 MP: 5/5
  1856 | D:3      | Found a transporter.
  2023 | D:3      | Found Quvy's Vocational Training.
  2041 | D:3      | Identified the +1 quarterstaff "Osacw" {spect, rF- rN+
                  | Dex+4}
  2252 | D:3      | Found a transporter.
  2367 | D:3      | Reached skill level 4 in Short Blades
  2367 | D:3      | Reached XP level 5. HP: 18/28 MP: 2/6
  2569 | D:4      | Reached XP level 6. HP: 6/32 MP: 3/7
  2754 | D:4      | Noticed Edmund
  2775 | D:4      | Killed Edmund
  2776 | D:4      | Reached skill level 5 in Short Blades
  2950 | D:4      | Upgraded the game from 0.30-a0-651-g0755cc6dcf to
                  | 0.30-a0-691-g754fce4c43
  3079 | D:4      | Reached XP level 7. HP: 34/37 MP: 8/8
  3149 | D:4      | Reached skill level 6 in Short Blades
  3972 | D:5      | Entered Level 5 of the Dungeon
  4108 | D:5      | Gained mutation: You have razor-sharp teeth. [Vine Stalker
                  | growth]
  4108 | D:5      | Reached XP level 8. HP: 36/42 MP: 5/9
  4202 | D:5      | Reached skill level 5 in Fighting
  4202 | D:5      | Reached skill level 7 in Short Blades
  4220 | D:5      | Noticed Sigmund
  4236 | D:5      | Killed Sigmund
  4605 | D:5      | Found a staircase to the Ecumenical Temple.
  4613 | Temple   | Entered the Ecumenical Temple
  4874 | D:5      | Found a white marble altar of Elyvilon.
  5119 | D:5      | Found a runed translucent door.
  5120 | D:5      | Noticed Crazy Yiuf
  5126 | D:5      | Killed Crazy Yiuf
  5127 | D:5      | Reached skill level 8 in Short Blades
  5514 | D:5      | Reached XP level 9. HP: 28/48 MP: 3/10
  6026 | D:6      | Reached skill level 9 in Short Blades
  6833 | D:7      | Noticed Duvessa
  6833 | D:7      | Noticed Dowan
  6851 | D:7      | Killed Dowan
  6858 | D:7      | Killed Duvessa
  7133 | D:7      | Noticed a deep elf pyromancer
  7133 | D:7      | Noticed a troll
  7175 | D:7      | Killed a troll
  7185 | D:7      | Killed a deep elf pyromancer
  7186 | D:7      | Reached skill level 10 in Short Blades
  7303 | D:7      | Reached XP level 10. HP: 55/56 MP: 8/11
  7329 | D:7      | Noticed Pikel
  7381 | D:7      | Killed Pikel
  7442 | D:7      | Noticed Prince Ribbit
  7451 | D:7      | Killed Prince Ribbit
  7650 | Abyss:1  | Cast into level 1 of the Abyss (gnoll sergeant)
  7711 | Abyss:1  | Noticed a starcursed mass
  7720 | Abyss:1  | Noticed a green death
  7726 | Abyss:1  | Noticed an apocalypse crab
  7742 | Abyss:1  | Reached skill level 5 in Stealth
  7742 | Abyss:1  | Noticed a bone dragon
  7774 | Abyss:1  | Noticed a caustic shrike zombie
  7792 | D:7      | Escaped the Abyss
  7798 | D:7      | Slain by a gnoll sergeant

Illustrated notes

Levels and vault maps discovered:
D:1:      scummos_arrival_forest, layout_loops_ring, serial_shops, shop,
          minmay_misc_feat_roman
D:2:      layout_basic, serial_shops, nicolae_shop_advertising_works
          [nicolae_subvault_shop_adworks], minmay_misc_feat_ornament,
          chequers_serial_rivers_large_a
D:3:      gammafunk_steamed_eel, layout_loops_cross, grunt_ministairs_6,
          hex_large, minmay_misc_feat_four_crosses, nicolae_shop_vocational
D:4:      layout_layer_cave, uniq_edmund
D:5:      layout_loops_corners, mainiacjoe_overflow_paths,
          minmay_temple_entry_offerings, due_unseen_surprise,
          uniq_crazy_yiuf_cottage, uniq_sigmund
D:6:      layout_layer_cave
D:7:      layout_cave_pods, led_sif_book, serial_column_ruins,
          column_ruins_open_tiny, column_ruins_columns_corner,
          column_ruins_open_medium, column_ruins_open_tiny,
          minmay_shattered_shrine, uniq_duvessa, uniq_prince_ribbit1, uniq_pikel
Temple:   sentei_temple_godly_chess

Skill      XL: |  1  2  3  4  5  6  7  8  9 10 |
---------------+-------------------------------+-----
Short Blades   | 2 3 4 5 6 8 10 | 10.0
Fighting       | 2 3 4 6 8 9 |  9.8
Stealth        | 5 |  5.1
Throwing       | |  1.7
Dodging        | |  0.7
Invocations    | |  0.9

Action                   |  1- 3 |  4- 6 |  7- 9 | 10-12 || total
-------------------------+-------+-------+-------+-------++-------
Melee: Dagger            |    64 |   123 |   272 |       ||   459
       Bite              |    22 |    43 |   141 |    27 ||   233
       Punch             |       |     2 |    12 |     1 ||    15
       Short sword       |       |       |   160 |    79 ||   239
Throw: Dart              |       |     3 |    31 |     1 ||    35
       Throwing net      |       |       |     5 |     1 ||     6
Evoke: Wand              |       |     5 |     2 |     2 ||     9
  Use: Scroll            |       |     4 |     2 |     2 ||     8
       Potion            |       |       |       |     3 ||     3
 Stab: Sleeping          |    12 |     4 |       |       ||    16
       Paralysed         |       |       |     2 |     2 ||     4
Armor: Robe              |     7 |     2 |       |       ||     9
       Plate armour      |       |    65 |   219 |    50 ||   334
       Ring mail         |       |     3 |       |       ||     3
Dodge: Dodged            |    21 |    26 |    62 |     9 ||   118

Table legend: (Time is in decaauts)
 A = Elapsed time spent in this place.
 B = Non-inter-level travel time spent in this place.
 C = Inter-level travel time spent in this place.
 D = Time resting spent in this place.
 E = Time spent auto-exploring this place.
 F = Levels seen in this place.
 G = Mean time per level.
                   A        B        C        D        E       F      G
               +--------+--------+--------+--------+--------+-----+--------+
         Total |   7546 |   7359 |    187 |    443 |   5315 |   9 |  838.4 |
       Dungeon |   7416 |   7232 |    184 |    440 |   5314 |   7 | 1059.4 |
        Temple |      7 |      4 |      3 |      0 |      1 |   1 |    7.0 |
         Abyss |    122 |    122 |      0 |      3 |      0 |   1 |  122.0 |
               +--------+--------+--------+--------+--------+-----+--------+

Top non-repeatable levels by time:
     D:4: 1351 daAuts
     D:5: 1344 daAuts
     D:6: 1197 daAuts
     D:2: 1023 daAuts
     D:7: 939 daAuts
     D:3: 901 daAuts
     D:1: 657 daAuts
 Abyss:1: 122 daAuts
  Temple: 7 daAuts
